Map: Dead of Night

Players

larsgj

  • Race: Terran Terran
  • Spawn Location: 0:00

wasp

  • Race: Protoss Protoss
  • Spawn Location: 0:00

VOD

Have the link to the VOD?

Description

Time

  • Played on: July 28, 2021, 1:57 p.m.
  • Length: 39:03
Show
View Real Time Build Order
Export as new Build Order

larsgj Terran 

Build Orders:  

Get SALT Encoding   

  12  0:05  SCV  
  13  0:25  Supply Depot  
  13  0:35  Supply Depot  
  13  1:10  Barracks  
  13  1:21  Supply Depot  
  13  1:27  SCV  
  14  1:44  SCV, Supply Depot  
  14  1:48  Marine  
  16  2:01  SCV  
  17  2:18  SCV  
  18  2:25  Marine  
  19  2:35  Marine  
  20  2:45  Marine  
  21  2:55  Marine  
  22  3:05  Marine  
  23  3:55  Bunker  
  23  3:59  Marine  
  23  4:09  Marine  
  24  4:19  Marine  
  25  4:29  Marine  
  26  4:31  Bunker  
  26  4:39  Marine  
  28  5:25  SCV  
  29  5:31  Refinery  
  29  5:35  Refinery  
  29  5:36  Marine  
  29  5:38  Refinery  
  30  5:42  SCV  
  30  5:46  Marine  
  32  5:56  Marine  
  32  5:59  SCV  
  34  6:00  Bunker  
  34  6:06  Marine  
  35  6:15  SCV  
  35  6:17  Marine  
  37  6:32  SCV  
  37  6:35  Bunker  
  38  6:40  Marine  
  39  6:50  Marine  
  40  7:00  Marine  
  40  7:08  Bunker, Factory  
  41  7:10  Marine  
  42  7:20  Marine  
  43  7:31  Marine  
  43  7:37  Engineering Bay  
  44  7:41  Marine  
  45  7:51  Marine  
  46  8:01  Marine  
  47  8:22  Orbital Command  
  47  8:32  Marine, Supply Depot x2  
  47  8:35  Supply Depot  
  47  8:37  Supply Depot  
  48  8:40  Supply Depot  
  48  8:42  Marine, Supply Depot  
  49  8:52  Marine  
  50  9:03  Marine  
  51  9:14  Starport  
  51  9:32  SCV  
  52  9:49  SCV  
  53  9:52  Terran Infantry Weapons Level 1  
  53  10:06  SCV  
  54  10:23  SCV  
  55  10:40  SCV  
  55  10:45  Starport Tech Lab  
  56  10:53  Fusion Core  
  56  11:02  Starport  
  56  11:33  SCV  
  72  11:50  SCV  
  58  12:06  SCV  
  59  12:22  Battlecruiser  
  59  12:23  SCV, Starport Tech Lab  
  66  12:32  Terran Infantry Armor Level 1  
  66  12:40  SCV  
  67  12:50  Armory  
  67  13:08  Missile Turret  
  67  13:19  Missile Turret  
  67  13:33  Battlecruiser  
  67  13:37  Missile Turret  
  73  13:50  Missile Turret  
  73  14:07  Battlecruiser  
  73  15:08  Battlecruiser  
  73  15:10  Battlecruiser  
  73  15:12  Structure Armor  
  85  15:22  Neosteel Frame  
  85  16:55  Battlecruiser  
  91  17:12  Battlecruiser, Supply Depot  
  91  17:13  Supply Depot  
  91  17:14  Supply Depot  
  91  17:15  Supply Depot  
  97  18:46  Battlecruiser x2  
  104  23:08  Battlecruiser x2  
  116  23:51  Battlecruiser  
  122  25:32  Weapon Refit  
  122  25:38  Afterburners  
  122  26:38  Terran Vehicle And Ship Armor Level 1  
  122  29:02  Battlecruiser x2, Supply Depot  
  122  29:04  Supply Depot  
  122  29:06  Supply Depot  
  122  29:08  Supply Depot  
  134  29:18  Terran Vehicle and Ship Weapons Level 1  
  134  29:45  Battlecruiser  
  140  30:38  Battlecruiser  
  140  30:39  Battlecruiser  
  150  31:21  Battlecruiser  
  156  31:58  Advanced Optics  
  156  33:47  Marine  
  156  33:57  Marine  
Show
View Real Time Build Order
Export as new Build Order

wasp Protoss 

Build Orders:  

Get SALT Encoding   

  12  0:32  Pylon  
  12  0:38  Gateway  
  12  1:06  Assimilator  
  12  1:15  Assimilator  
  12  1:19  Assimilator  
  12  1:24  Gateway  
  12  2:01  Forge  
  12  2:28  Zealot  
  14  2:30  Zealot  
  16  3:12  Pylon  
  16  3:46  Photon Cannon  
  16  3:51  Photon Cannon  
  16  3:54  Photon Cannon  
  16  4:00  Photon Cannon  
  16  4:05  Photon Cannon  
  16  4:20  Pylon  
  16  5:00  Photon Cannon  
  16  5:06  Photon Cannon  
  16  5:29  Photon Cannon  
  16  5:42  Photon Cannon  
  16  6:10  Photon Cannon  
  14  6:31  Photon Cannon  
  14  6:40  Photon Cannon  
  14  7:28  Photon Cannon  
  14  7:32  Photon Cannon  
  14  7:41  Photon Cannon  
  14  8:17  Pylon  
  14  8:42  Zealot  
  14  8:43  Zealot  
  14  8:44  Zealot  
  14  8:46  Zealot  
  22  8:56  Zealot  
  24  9:26  Cybernetics Core  
  24  9:33  Zealot  
  26  9:49  Probe (Chrono Boost)  
  27  10:03  Probe (Chrono Boost)  
  27  10:07  Zealot  
  30  10:17  Probe (Chrono Boost)  
  31  11:10  Photon Cannon  
  31  11:42  Photon Cannon  
  31  12:24  Photon Cannon  
  31  13:03  Pylon  
  31  13:09  Pylon  
  31  14:49  Photon Cannon  
  31  14:56  Pylon  
  31  15:03  Photon Cannon  
  31  15:07  Photon Cannon  
  31  15:21  Photon Cannon  
  31  15:52  Photon Cannon  
  31  16:45  Photon Cannon  
  31  16:56  Photon Cannon  
  31  17:14  Photon Cannon  
  31  17:27  Photon Cannon  
  31  17:33  Photon Cannon  
  31  17:37  Photon Cannon  
  31  17:44  Photon Cannon  
  31  17:54  Photon Cannon  
  31  18:05  Pylon  
  31  18:49  Dragoon  
  33  18:51  Dragoon  
  33  18:53  Dragoon  
  33  18:56  Dragoon  
  33  18:59  Dragoon  
  41  19:00  Dragoon  
  43  19:28  Photon Cannon  
  43  21:29  Photon Cannon  
  43  21:31  Photon Cannon  
  43  22:02  Photon Cannon  
  43  22:09  Photon Cannon  
  43  22:54  Photon Cannon  
  43  23:09  Photon Cannon  
  43  23:12  Photon Cannon  
  43  23:52  Photon Cannon  
  43  23:57  Photon Cannon  
  43  24:00  Photon Cannon  
  43  24:41  Photon Cannon  
  43  24:47  Zealot  
  43  24:49  Zealot  
  47  24:50  Zealot  
  47  24:53  Zealot  
  47  24:55  Zealot  
  47  24:57  Zealot  
  55  27:46  Photon Cannon  
  55  27:58  Photon Cannon  
  55  28:03  Photon Cannon  
  55  28:07  Photon Cannon  
  55  28:10  Photon Cannon  
  55  28:15  Photon Cannon  
  55  28:20  Photon Cannon  
  55  28:25  Photon Cannon  
  55  28:31  Photon Cannon  
  55  29:56  Zealot  
  55  29:58  Zealot  
  55  29:59  Zealot  
  61  30:01  Zealot  
  61  30:03  Zealot  
  61  30:05  Zealot  
  14  31:57  Zealot  
  14  31:59  Zealot  
  18  32:00  Dragoon  
  18  32:02  Dragoon  
  18  32:04  Dragoon  
  18  32:06  Dragoon  
  26  32:56  Twilight Council  
  26  33:31  Photon Cannon  
  26  33:32  Photon Cannon  
  26  33:37  Photon Cannon  
  26  33:40  Photon Cannon  
  26  33:48  Photon Cannon  
  26  34:04  Photon Cannon  
  26  34:35  Singularity Charge  
  26  35:24  Protoss Ground Weapons Level 1  
  26  35:35  Trillic Compresion Mesh  
  26  37:25  Zealot  
  26  37:27  Zealot  
  26  37:29  Dragoon  
  32  37:32  Zealot  
  32  37:33  Zealot  
  32  37:35  Dragoon  
  38  37:55  Zealot  
  40  38:01  Zealot  
Tags
 
Commander
ArtanisRaynor
Matchup
Co-op
Replay Pack
Multiplayer
Add a new tag
Caveats
  • Supply blocks, unpowered buildings, or Contaminate may cause inaccurate times.
  • Supply counts are checked every 10 seconds.